 Dungeon Crawl Stone Soup version 0.25-a0-591-g2ad0d86 (webtiles) character file.

Game seed: 16792757517423170470, levelgen mode: deterministic

3553 Faels the Carver (level 9, 0/70 HPs)
             Began as a Minotaur Fighter on Mar 13, 2020.
             Was an Elder of Okawaru.
             Shot with an arrow by a centaur (6 damage)
             ... on level 8 of the Dungeon.
             The game lasted 00:17:10 (6434 turns).

Faels the Carver (Minotaur Fighter)                 Turns: 6434, Time: 00:17:11

Health: 0/70       AC:  6    Str: 21    XL:     9   Next: 83%
Magic:  11/12      EV: 16    Int:  5    God:    Okawaru [****..]
Gold:   169        SH: 13    Dex: 13    Spells: 12/13 levels left

rFire    . . .     SeeInvis .   z - +2 falchion (holy)
rCold    . . .     Gourm    .   c - +4 kite shield
rNeg     . . .     Faith    .   D - +0 steam dragon scales
rPois    .         Spirit   .   (helmet restricted)
rElec    .         Reflect  .   (no cloak)
rCorr    .         Harm     .   u - +0 pair of gloves
MR       .....                  (no boots)
Stlth    +.........             w - amulet of regeneration
HPRegen  0.61/turn              q - +5 ring of evasion
MPRegen  0.13/turn              (no ring)

@: no status effects
A: retaliatory headbutt, horns 2
a: Heroism, Renounce Religion


You were on level 8 of the Dungeon.
You worshipped Okawaru.
Okawaru was greatly pleased with you.
You were not hungry.

You visited 2 branches of the dungeon, and saw 9 of its levels.

You collected 416 gold pieces.
You spent 247 gold pieces at shops.

Inventory:

Hand Weapons
 a - a +0 long sword
 o - a +0 rapier
 s - a +1 flail of holy wrath
 z - a +2 falchion of holy wrath (weapon)
 G - a +0 hand axe
 H - a +1 trident of venom
 K - a +0 dagger of venom
 M - a +1 dagger of venom
Missiles
 k - 25 poisoned darts (quivered)
 J - 2 throwing nets
 N - 11 boomerangs
Armour
 b - a +0 scale mail
 c - a +4 kite shield (worn)
 p - a +0 ring mail
 u - a +0 pair of gloves (worn)
 y - a +2 scale mail of magic resistance
 B - a +0 chain mail
 C - a +2 chain mail of magic resistance
 D - +0 steam dragon scales (worn)
 O - a +0 leather armour of cold resistance
Jewellery
 j - an uncursed amulet of magic regeneration
 q - a +5 ring of evasion (left hand)
 w - an amulet of regeneration (around neck)
Wands
 g - a wand of iceblast (10)
 r - a wand of acid (7)
 A - a wand of random effects (39)
Scrolls
 l - 11 scrolls of remove curse
 m - 3 scrolls of teleportation
 n - 2 scrolls of immolation
 v - a scroll of amnesia
 E - a scroll of enchant weapon {unknown}
 I - a scroll of fog {unknown}
Potions
 d - 4 potions of might
 e - 5 potions of curing
 h - 3 potions of lignification
 i - 2 potions of degeneration
 t - a potion of haste {unknown}
 x - 2 potions of cancellation {unknown}
 F - a potion of stabbing {unknown}
Comestibles
 f - 13 rations
 L - 6 chunks of flesh


   Skills:
 - Level 3.6 Fighting
 * Level 13.9 Long Blades
 - Level 1.0 Throwing
 - Level 3.6 Armour
 - Level 3.3 Dodging
 - Level 3.6 Shields
 + Level 2.9 Spellcasting
 + Level 3.2 Necromancy


You had 12 spell levels left.
You knew the following spells:

 Your Spells              Type           Power        Failure   Level  Hunger
a - Animate Skeleton      Necr           N/A          43%         1    ##.....

Your spell library contained the following spells:

 Spells                   Type           Power        Failure   Level  Hunger
 Pain                     Necr           #...         43%         1    ##.....
 Vampiric Draining        Necr           #.........   80%         3    ####...
 Animate Dead             Necr           N/A          99%         4    #####..
 Agony                    Necr           #.......     100%        5    ######.


Dungeon Overview and Level Annotations

Branches:
Dungeon (8/15)             Temple (1/1) D:6            Lair (0/6) D:8

Altars:
Cheibriados
Fedhas
Gozag
Makhleb
Okawaru
Ru
Sif Muna
Trog
Uskayaw
Wu Jian
Xom
Zin
The Shining One
Beogh

Shops:
D:6 [}[=:


Innate Abilities, Weirdness & Mutations

You reflexively headbutt those who attack you in melee.
You have a pair of horns on your head.


Message History

You block Maurice's attack.
You hit Maurice.
You kill Maurice!
Okawaru is honoured by your kill.
Your Necromancy skill increases to level 3!
Items here: $ ) / [ † a +0 dagger of venom; a +1 cloak of magic resistance; a wand of iceblast (4) 17 gold pieces; a bullfrog corpse A leopard gecko zombie comes into view.
The centaur shoots an arrow.
The arrow hits you.
* * * LOW HITPOINT WARNING * * *
The centaur shoots an arrow.
The arrow hits you!
* * * LOW HITPOINT WARNING * * *
You see here 2 arrows.
You feel better.
The centaur shoots an arrow.
The arrow hits you!
* * * LOW HITPOINT WARNING * * *
You feel like a meek peon again.
The centaur shoots an arrow.
You block the arrow.
The centaur shoots an arrow.
The arrow hits you.
You die...

...... ..#.#.#.#
#........
###.#.#.#.#
#...Z.....
#.......# #......#
#@....# #..(..##
####(..####..#
#.c......# ###
#..)####.# #..
.####.(.#######..
........#...≈...#.
..###.....#...#...
#....##...##..


You could see a centaur and a leopard gecko zombie (wandering).

Vanquished Creatures
  A two-headed ogre (D:8)
  Maurice (D:8)
  Maggie (D:6)
  A hippogriff (D:7)
  Menkaure (D:6)
  4 orc warriors (D:8)
  A sky beast (D:7)
  2 ogres
  4 bullfrogs
  A scorpion (D:6)
  4 killer bees (D:8)
  4 howler monkeys
  A crimson imp (D:8)
  An orc priest (D:8)
  3 hounds
  2 orc wizards (D:7)
  2 iguanas
  Jessica (D:2)
  Natasha (thrice) (D:2)
  4 worker ants
  A hound skeleton (D:8)
  4 gnolls (D:6)
  6 adders
  2 shadow imps (D:6)
  2 oozes
  An adder skeleton (D:5)
  4 worms
  4 dart slugs
  3 leopard geckos
  42 orcs
  11 bats
  8 giant cockroaches
  6 goblins
  10 hobgoblins
  21 jackals
  7 kobolds
  2 quokkas
  2 ball pythons
  3 frilled lizards
  A leopard gecko skeleton (D:7)
  A quokka skeleton (D:7)
  4 rats
187 creatures vanquished.

Vanquished Creatures (others)
  Joseph (D:8)
1 creature vanquished.

Grand Total: 188 creatures vanquished

Notes
Turn   | Place    | Note
-------+----------+-------------------------------------------
     0 | D:1      | Faels the Minotaur Fighter began the quest for the Orb.
     0 | D:1      | Reached XP level 1. HP: 19/19 MP: 0/0
   124 | D:1      | Reached skill level 3 in Long Blades
   129 | D:1      | Reached XP level 2. HP: 21/26 MP: 1/1
   228 | D:1      | Reached skill level 1 in Dodging
   630 | D:1      | Reached XP level 3. HP: 31/31 MP: 2/2
   825 | D:1      | Reached skill level 4 in Long Blades
  1192 | D:2      | Noticed Natasha
  1200 | D:2      | Killed Natasha
  1200 | D:2      | Reached XP level 4. HP: 29/39 MP: 3/3
  1309 | D:2      | Noticed Jessica
  1314 | D:2      | Killed Jessica
  1314 | D:2      | Reached skill level 5 in Long Blades
  1354 | D:2      | Noticed Natasha
  1356 | D:2      | Found a snail-covered altar of Cheibriados.
  1369 | D:2      | Killed Natasha
  1571 | D:2      | Noticed Natasha
  1575 | D:2      | Killed Natasha
  1575 | D:2      | Reached XP level 5. HP: 45/45 MP: 4/4
  1736 | D:2      | Found a shimmering blue altar of Sif Muna.
  2039 | D:3      | Found a blossoming altar of Fedhas.
  2154 | D:3      | Reached skill level 6 in Long Blades
  2740 | D:4      | Found an ornate altar of the Wu Jian Council.
  2816 | D:4      | Found a sacrificial altar of Ru.
  2971 | D:4      | Reached skill level 1 in Throwing
  3148 | D:4      | Reached XP level 6. HP: 51/51 MP: 5/5
  3270 | D:5      | Entered Level 5 of the Dungeon
  3286 | D:5      | Found an iron altar of Okawaru.
  3294 | D:5      | Became a worshipper of Warmaster Okawaru
  3549 | D:5      | Found a bloodstained altar of Trog.
  3569 | D:5      | Reached skill level 7 in Long Blades
  3697 | D:5      | Found a burning altar of Makhleb.
  3956 | D:6      | Reached skill level 8 in Long Blades
  3956 | D:6      | Reached XP level 7. HP: 57/57 MP: 6/6
  4007 | D:6      | Reached * piety under Okawaru
  4126 | D:6      | Reached skill level 9 in Long Blades
  4149 | D:6      | Found Geowyes's Antique Armour Shop.
  4152 | D:6      | Bought a runed chain mail for 247 gold pieces
  4179 | D:6      | Found Qyera's Armour Shoppe.
  4233 | D:6      | Found Dapoxas's Gadget Boutique.
  4262 | D:6      | Found a staircase to the Ecumenical Temple.
  4267 | D:6      | Found Evium's Jewellery Emporium.
  4288 | Temple   | Entered the Ecumenical Temple
  4295 | D:6      | Noticed Maggie
  4296 | D:6      | Noticed Menkaure
  4316 | D:6      | Killed Menkaure
  4322 | D:6      | Killed Maggie
  4322 | D:6      | Reached ** piety under Okawaru
  4322 | D:6      | Reached skill level 10 in Long Blades
  4322 | D:6      | Reached XP level 8. HP: 39/64 MP: 7/7
  4380 | D:6      | Found a shimmering altar of Xom.
  4495 | D:6      | Found Ixeleewi's Book Emporium.
  4526 | D:6      | Found a hide-covered altar of Uskayaw.
  4526 | D:6      | Noticed a +0 hand axe
  4526 | D:6      | Noticed a +0 dagger
  4703 | D:6      | Found a glowing golden altar of the Shining One.
  4994 | D:7      | Reached skill level 11 in Long Blades
  5457 | D:7      | Reached skill level 12 in Long Blades
  5676 | D:7      | Learned a level 1 spell: Animate Skeleton
  5696 | D:7      | Noticed a hippogriff
  5708 | D:7      | Killed a hippogriff
  5774 | D:7      | Found an opulent altar of Gozag.
  5805 | D:7      | Found a glowing silver altar of Zin.
  5849 | D:7      | Reached skill level 1 in Necromancy
  5851 | D:7      | Reached skill level 1 in Spellcasting
  6043 | D:8      | Reached *** piety under Okawaru
  6052 | D:8      | Reached XP level 9. HP: 70/70 MP: 9/9
  6263 | D:8      | Reached skill level 13 in Long Blades
  6269 | D:8      | Noticed a two-headed ogre
  6273 | D:8      | Found a roughly hewn altar of Beogh.
  6295 | D:8      | Killed a two-headed ogre
  6295 | D:8      | Reached **** piety under Okawaru
  6342 | D:8      | Killed Joseph
  6399 | D:8      | Found a staircase to the Lair.
  6414 | D:8      | Noticed Maurice
  6427 | D:8      | Killed Maurice
  6434 | D:8      | Shot with an arrow by a centaur

Levels and vault maps discovered:
D:1:      nzn_arrival_settlement, layout_basic
D:2:      layout_basic, lemuel_coloured_pillars_altar, kennysheep_slug_shrine,
          uniq_natasha, uniq_jessica
D:3:      layout_basic, fedhas_altar_2, fountainhead, hex_intersection,
          minmay_randomly_rotated_circles
D:4:      layout_loops_cross, nicolae_overflow_crystal_walls,
          nicolae_ru_awakened_eye
D:5:      layout_cave_pools, lemuel_crystal_altar, lemuel_crystal_altar,
          first_ration, okawaru_ov_weapons_minmay
D:6:      layout_basic, lemuel_round_altar, tso_oasis_becter,
          dancing_weapons_uskayaw, minmay_temple_entry_slanted, serial_shops,
          kennysheep_mini_moat, shop, shop, shop, shop, uniq_maggie,
          uniq_menkaure
D:7:      layout_loops_ring, zin_statuary, kennysheep_little_box
D:8:      layout_loops_cross, fiery_altar_vehumet, dpeg_oklobed_lair,
          serial_co_window_serial, co_window_cross_1, co_window_paths_a,
          co_window_of_opportunity_a, co_window_cross_1, co_window_paths_a,
          co_window_cross_1, co_window_cross_1, co_window_corner_b,
          co_window_broadway_a, co_window_of_opportunity_b, glass_columns_c,
          glass_columns_a, special_room [special_room_orc], uniq_joseph,
          uniq_maurice
Temple:   nicolae_temple_figure_zero

Skill      XL: |  1  2  3  4  5  6  7  8  9 |
---------------+----------------------------+-----
Long Blades    | 3 4 5 6 8 10 12 13 | 13.9
Dodging        | 1 2 3 |  3.3
Throwing       | 1 |  1.0
Necromancy     | 1 3 |  3.2
Spellcasting   | 1 2 |  2.9
Fighting       | |  3.6
Armour         | |  3.6
Shields        | |  3.6

Action                   |  1- 3 |  4- 6 |  7- 9 || total
-------------------------+-------+-------+-------++-------
Melee: Long sword        |    81 |   118 |       ||   199
       Headbutt          |    11 |    27 |    50 ||    88
       Falchion          |       |    39 |   271 ||   310
Throw: Dart              |       |     7 |    13 ||    20
Invok: Heroism           |       |       |     5 ||     5
Evoke: Wand              |       |       |     5 ||     5
  Use: Scroll            |       |     6 |     8 ||    14
       Potion            |       |       |     2 ||     2
  Eat: Chunk             |     1 |     8 |     9 ||    18
Armor: Scale mail        |    35 |    20 |       ||    55
       Ring mail         |       |    25 |     7 ||    32
       Chain mail        |       |       |     7 ||     7
       Steam dragon scal |       |       |    21 ||    21
Dodge: Dodged            |    25 |    67 |   120 ||   212
Block: Kite shield       |    32 |    71 |   151 ||   254
       Rpst.: Long sword |     6 |    16 |       ||    22
       Falchion          |       |     2 |    26 ||    28

Table legend:
 A = Non-vault XP
 B = Vault XP
 C = Vault XP percentage of total XP
 D = Non-vault monster count
 E = Vault monster count
 F = Vault count percentage of total count
                 A         B        C        D         E       F
            +---------+---------+-------+---------+---------+-------
      Total |    3382 |    1694 |  33.4 |     152 |      35 |  18.7
            +---------+---------+-------+---------+---------+-------
        D:1 |      67 |       0 |   0.0 |      35 |       0 |   0.0
        D:2 |     111 |      76 |  40.6 |      15 |       3 |  16.7
        D:3 |      38 |      14 |  26.9 |      17 |       6 |  26.1
        D:4 |      80 |       0 |   0.0 |      12 |       0 |   0.0
        D:5 |     306 |       0 |   0.0 |      19 |       0 |   0.0
        D:6 |     399 |     545 |  57.7 |      14 |       2 |  12.5
        D:7 |     914 |       0 |   0.0 |      27 |       0 |   0.0
        D:8 |    1467 |    1059 |  41.9 |      13 |      24 |  64.9
            +---------+---------+-------+---------+---------+-------
